Unix NetHack Version 5.0.0-0 post-release - last build May 10 2026 23:12:36 (d1fa5d53e341ca933230fdaa984d921c805b60aa,branch:main).

Game began 2026-05-17 00:11:33, ended 2026-05-17 00:24:28.

Drastanta, lawful male human Knight

                        ---------------------------------
                        ................................|
                        |.----....------|--------.....  |
                        +.|  |....+      |..     ....
                        |.|  ----.|      |..     ..
                        |.|     |.|      |.  ----.-
                        |.--+-  |.--     -|---....|
                        |....-+--..|     |........+
                        |..........+  -+--.-----..----- |
                        |.{..--+-.----|....| //|........|
                        |....|  |.|*..|....-.//|.--+--  |
                        |.-+--  |.|.Gv|.---|----.|
                        |.|     |.|.@.|.| .|  |..|
                        |.|  ----.|...@@-..|  |..|
                        |.----....-----.----+--).-----
                        |............%%.........%.......|
                        ---------------------------------

Drastanta the Esquire    St:14 Dx:8 Co:13 In:9 Wi:14 Ch:18  Lawful
Dlvl:7  $:41 HP:0(41) Pw:26(26) AC:1  Xp:5 T:1661  Satiated

Latest messages:
 What do you want to drop? [$ac-hj-zA or ?*] ?
 You drop an uncursed +0 pair of iron shoes.
 Your movements are now unencumbered.
 You drop an uncursed dwarvish cloak.
 What do you want to use or apply? [jlnptuy or ?*] t
 Your bag is empty.
 What do you want to eat? [ghm or ?*] ?
 This food really hits the spot!
 You finish eating the food ration.
 What do you want to eat? [ghm or ?*] m
 You're having a hard time getting all of it down.
 You're finally finished.
 You drop an uncursed gray stone.
 What do you want to put on? [lq or ?*] ?
 Which ring-finger, Right or Left? [rl] r
 q - an uncursed wire ring (on right hand).
 You stop.  The priest of Lugh doesn't want to swap places.
 You hit the dust vortex!
 The dust vortex engulfs you!
 You can't see in here!
 You get expelled from the dust vortex!
 Wait!  There's something there you can't see!
 It gets angry!
 It hits!
 It hits!
 You hit it.
 It hits!
 You can see again.
 What do you want to read? [jvwx or ?*] ?
 As you read the scroll, it disappears.
 A gnomish wizard suddenly appears next to you!
 The watchman thrusts her short sword.
 The watchman misses!
 What do you want to read? [jwx or ?*] ?
 As you read the scroll, it disappears.
 This is an identify scroll.
 w - a cursed scroll of earth.
 n - a wand of fire (0:7).
 The gnomish wizard turns to flee.
 The watchman thrusts her short sword.
 The watchman hits!
 What do you want to zap? [n or ?*] n
 In what direction? 6
 The watchman's gloves smoulder!
 The bolt of fire hits the watchman!
 The bolt of fire bounces!
 The watchman thrusts her short sword.
 The watchman hits!
 You die...
 Do you want your possessions identified? [ynq] (y) q

Inventory:
 Coins    ('$')
  $ - 41 gold pieces
 Weapons  (')')
  a - a blessed +1 long sword (weapon in left hand)
 Armor    ('[')
  d - an uncursed +0 helmet (being worn)
  f - an uncursed +0 pair of leather gloves (being worn)
  z - an uncursed rustproof +0 pair of iron shoes (being worn)
  e - an uncursed +0 small shield (being worn)
  A - an uncursed +0 dwarvish cloak
  c - an uncursed +1 ring mail (being worn)
 Comestibles  ('%')
  g - 9 uncursed apples
  h - 14 uncursed carrots
 Scrolls  ('?')
  w - a cursed scroll of earth
 Spellbooks  ('+')
  j - an uncursed spellbook of force bolt
 Potions  ('!')
  o - an uncursed potion of gain energy
  k - 2 uncursed potions of healing
 Rings    ('=')
  q - an uncursed ring of free action (on right hand)
 Wands    ('/')
  n - a wand of fire (0:6)
 Tools    ('(')
  t - an empty uncursed sack
  l - an uncursed blindfold
  p - an uncursed skeleton key
  y - an uncursed tallow candle

Drastanta the Knight's attributes:

Background:
 You were an Esquire, a level 5 male human Knight.
 You were lawful, on a mission for Lugh
 who was opposed by Brigit (neutral) and Manannan Mac Lir (chaotic).
 You were left-handed.
 You were in the Gnomish Mines, on level 7.
 You entered the dungeon 1661 turns ago.
 It was the midnight hour.
 There was a new moon in effect when your adventure ended.
 You had 227 experience points, 93 more were needed to attain level 6.

Basics:
 You had 0 out of 41 hit points.
 You had all 26 energy points (spell power).
 Your armor class was 1.
 Your wallet contained 41 zorkmids.
 Autopickup was off.

Final Characteristics:
 Your strength was 14 (limit:18/100).
 Your dexterity was 8 (limit:18).
 Your constitution was 13 (limit:18).
 Your intelligence was 9 (limit:18).
 Your wisdom was 14 (limit:18).
 Your charisma was 18 (limit:18).

Final Status:
 You were satiated.
 You were unencumbered.
 You were wielding a long sword.
 You had basic skill with long sword and could have enhanced that.

Final Attributes:
 You were devoutly aligned.
 You could jump.
 You were warded.
 You had free action.
 You are dead.

Miscellaneous:
 You didn't encounter any bones levels.
 Total elapsed playing time was 12 minutes and 54 seconds.

Major events:
 Turn
    1: Drastanta the lawful male human Knight entered the dungeon
  628: entered the Gnomish Mines
 1016: attained the rank of Esquire (level 3)
 1460: reached Mine Town
 1661: killed by a watchman

You didn't know any spells.

Skills:
 Fighting Skills
   bare handed combat [Unskilled]
   two weapon combat  [Unskilled]
   riding             [Basic]
 Weapon Skills
   dagger             [Unskilled]
   knife              [Unskilled]
   axe                [Unskilled]
   pick-axe           [Unskilled]
   short sword        [Unskilled]
   broadsword         [Unskilled]
   long sword         [Basic]
   two-handed sword   [Unskilled]
   saber              [Unskilled]
   club               [Unskilled]
   mace               [Unskilled]
   morning star       [Unskilled]
   flail              [Unskilled]
   hammer             [Unskilled]
   polearms           [Unskilled]
   spear              [Unskilled]
   trident            [Unskilled]
   lance              [Basic]
   bow                [Unskilled]
   crossbow           [Unskilled]
 Spellcasting Skills
   attack spells      [Unskilled]
   healing spells     [Unskilled]
   clerical spells    [Unskilled]

Voluntary challenges:
 Character rerolling was not enabled.
 You never genocided any monsters.
 You never polymorphed an object.
 You never changed form.
 You used no wishes.
Achievements:
 You entered the Gnomish Mines.
 You attained the rank of Esquire.
 You entered Minetown.
 You entered a temple.

 The Dungeons of Doom: levels 1 to 4
    Level 1:
    Level 2:
    Level 3:
       An altar, a tree.
       Stairs down to The Gnomish Mines.
    Level 4:
 The Gnomish Mines: levels 4 to 7
    Level 4:
    Level 5:
    Level 6:
    Level 7: <- You were here.
       A temple and an altar to Lugh, a fountain.
       Final resting place for
          you, killed by a watchman.


Vanquished creatures:
  2 gnome leaders
  a gnomish wizard
  2 dwarves
  2 rothes
 an acid blob
  6 manes
 16 gnomes
  a gnome zombie
  a gecko
  4 jackals
  2 foxes
  2 grid bugs
  5 lichens
  4 newts
49 creatures vanquished.

No species were genocided or became extinct.

Game over:
                       ----------
                      /          \
                     /    REST    \
                    /      IN      \
                   /     PEACE      \
                  /                  \
                  |    Drastanta     |
                  |      41 Au       |
                  |   killed by a    |
                  |     watchman     |
                  |                  |
                  |                  |
                  |       2026       |
                 *|     *  *  *      | *
        _________)/\\_//(\/(/\)/\//\/|_)_______

Fare thee well Drastanta the Knight...

You died in The Gnomish Mines on dungeon level 7 with 1265 points,
and 41 pieces of gold, after 1661 moves.
You were level 5 with a maximum of 41 hit points when you died.

